 Dungeon Crawl Stone Soup version 0.29.1-13-g9f3cf754e1 (webtiles) character file.

Game seed: 11544766254049391412

198 bubby the Trooper (level 5, -1/29 HPs)
             Began as a Vine Stalker Fighter on Jan 27, 2023.
             Slain by Gadrel's ghost (2 damage)
             ... on level 3 of the Dungeon.
             The game lasted 00:03:11 (2317 turns).

bubby the Trooper (Vine Stalker Fighter)            Turns: 2317, Time: 00:03:12

Health: -1/29      AC:  8    Str: 20    XL:     5   Next: 77%
Magic:  0/15       EV:  9    Int:  8    God:
Gold:   144        SH:  0    Dex: 14    Spells: 4/4 levels left

rFire   . . .      SeeInvis .   a - +0 war axe
rCold   . . .      Faith    .   (no shield)
rNeg    . . .      Spirit   +   b - +0 scale mail
rPois   .          Reflect  .   (no helmet)
rElec   .          Harm     .   s - +0 cloak
rCorr   .          Rampage  .   (no gloves)
Will    .....                   (no boots)
Stlth   ..........              (no amulet)
HPRegen 0.89/turn               j - ring of magical power
MPRegen 0.14/turn               (no ring)

@: no status effects
A: fangs 2, regeneration 1, magic shield, antimagic bite, no potion heal 2
a: no special abilities


You were on level 3 of the Dungeon.
You visited 1 branch of the dungeon, and saw 3 of its levels.

You collected 144 gold pieces.

Inventory:

Hand Weapons
 a - a +0 war axe (weapon)
Missiles
 m - 3 poisoned darts (quivered)
Armour
 b - a +0 scale mail (worn)
 c - a +0 buckler
 s - a +0 cloak (worn)
Jewellery
 j - a ring of magical power (left hand)
Scrolls
 h - a scroll of enchant armour {unknown}
 i - 2 scrolls of teleportation {unknown}
 k - a scroll of amnesia {unknown}
 l - 2 scrolls of identify {unknown}
 n - a scroll of vulnerability {unknown}
 o - a scroll of acquirement {unknown}
 q - a scroll of immolation {unknown}
Potions
 d - a potion of might
 e - 2 potions of heal wounds {unknown}
 f - a potion of lignification {unknown}
 g - a potion of mutation {unknown}
 p - a potion of attraction {unknown}
 r - a potion of invisibility {unknown}


   Skills:
 + Level 3.9 Fighting
 + Level 3.3 Axes
 + Level 3.5 Armour
 - Level 2.6 Shields


You had 4 spell levels left.
You didn't know any spells.
Your spell library was empty.

Dungeon Overview and Level Annotations

Branches:
Dungeon (3/15)

Altars:

Shops:
D:2 ?

Annotations:
D:3 2 transporters, Gadrel's ghost, amateur GrCK


Innate Abilities, Weirdness & Mutations

You have extremely sharp teeth.
Your natural rate of healing is unusually fast.
When hurt, damage is shared between your health and your magic reserves.
Your bite disrupts and absorbs the magic of your enemies.
Potions cannot restore your health.


Message History

You kill the adder!
You hit the adder but do no damage. The adder bites you but does no damage.
The adder closely misses you.
You slash the adder! Your bite misses the adder.
The adder is severely wounded.
The adder closely misses you. The adder barely misses you.
Gadrel's ghost whispers, "There is no future for you."
You closely miss the adder. Your bite misses the adder.
The adder is severely wounded.
The adder bites you.
You are poisoned.
The adder poisons you!
You hit the adder.
You kill the adder!
You feel sick.
You hit Gadrel's ghost but do no damage.
Your bite misses Gadrel's ghost.
You feel sick.
Gadrel's ghost wails.
Gadrel's ghost hits you.
Gadrel's ghost hits you but does no damage.
You hit Gadrel's ghost but do no damage.
You bite Gadrel's ghost, but do no damage.
You feel sick. Gadrel's ghost completely misses you.
You closely miss Gadrel's ghost.
You bite Gadrel's ghost, but do no damage.
You feel sick. Gadrel's ghost hits you.
You barely miss Gadrel's ghost. Your bite misses Gadrel's ghost.
You feel sick.
You are no longer poisoned.
Gadrel's ghost hits you! Gadrel's ghost barely misses you.
You are too injured to fight recklessly!
You are too injured to fight recklessly!
You slash Gadrel's ghost! Your bite misses Gadrel's ghost.
Gadrel's ghost is moderately damaged.
Gadrel's ghost hits you!
* * * LOW HITPOINT WARNING * * *
x2 You barely miss Gadrel's ghost.
Your bite misses Gadrel's ghost.
Gadrel's ghost is moderately damaged.
Gadrel's ghost hits you.
* * * LOW HITPOINT WARNING * * *
You die...

#.#.......#.............#
#.####...#.............##
#..........###########.#
#########..# #.# #..###
#.# ##....# #.# ##..+#'#
#### #.# #..########..#
#.# #.@W~~~~?~#..# #.#
#..########..# #.#
#............###.#
####+###'##....#.#
##########.# #..+....#.#
#........#.######....#.#
#.######.#...####....#.#
#.# #.#.#......#....# #.#
#.#.#..###.#######


You could see Gadrel's ghost.

Vanquished Creatures
  A scorpion (D:3)
  6 adders
  3 gnolls (D:2)
  3 dart slugs
  6 bats
  2 endoplasms
  A giant cockroach (D:2)
  6 hobgoblins
  5 jackals (D:2)
  A quokka (D:2)
  2 ball pythons
  5 frilled lizards
  4 goblins
  3 kobolds
  5 rats
53 creatures vanquished.

Notes
Turn   | Place    | Note
-------+----------+-------------------------------------------
     0 | D:1      | bubby the Vine Stalker Fighter began the quest for the Orb.
     0 | D:1      | Reached XP level 1. HP: 11/11 MP: 2/2
   112 | D:1      | Reached XP level 2. HP: 16/16 MP: 3/3
   758 | D:2      | Reached XP level 3. HP: 20/20 MP: 4/4
   778 | D:2      | Gained mutation: Your natural rate of healing is unusually
                  | fast. [Vine Stalker growth]
   778 | D:2      | Reached XP level 4. HP: 10/24 MP: 3/5
   972 | D:2      | Found a faded altar of an unknown god.
  1043 | D:2      | Found Beutooh's Magic Scroll Emporium.
  1277 | D:3      | Found a transporter.
  1321 | D:3      | Noticed a scorpion
  1333 | D:3      | Killed a scorpion
  1334 | D:3      | Reached XP level 5. HP: 29/29 MP: 6/6
  1418 | D:3      | Found a transporter.
  2063 | D:3      | Found a runed translucent door.
  2070 | D:3      | Noticed Gadrel's ghost (amateur GrCK)
  2317 | D:3      | HP: 1/29 [Gadrel's ghost (4)]
  2317 | D:3      | Slain by Gadrel's ghost

Illustrated notes

Levels and vault maps discovered:
D:1:      shiori_arrival_whats_in_store_for_you, layout_basic, nrook_uturn,
          interstate_on_off
D:2:      layout_rooms, dreamdust_ecumenical_altar_hidden_monk_grotto,
          serial_shops, shop, st_stairs_5
D:3:      gammafunk_wand_slinger, layout_basic, ebering_ghost_sewer_d,
          minmay_hedge_maze, nicolae_figureground_pulse

Skill      XL: |  1  2  3  4 |
---------------+-------------+-----
Axes           | 2 3 |  3.3
Fighting       | 3 |  3.9
Armour         | 3 |  3.5
Shields        | |  2.6

Action                   |  1- 3 |  4- 6 || total
-------------------------+-------+-------++-------
Melee: War axe           |    65 |    65 ||   130
       Bite              |    10 |    14 ||    24
       Punch             |       |     1 ||     1
Armor: Scale mail        |    28 |    37 ||    65
Dodge: Dodged            |    43 |    47 ||    90
Block: Buckler           |     1 |       ||     1
